AoeStats
← AiM | CanvaL

Arabia

509105500Analyzed
1v1 RM · 7d ago on Sep 25, 2026· 45m 1s· 2 players
Game mode
Random Map
Map size
Tiny (2 player)
Population
200
Speed
Normal
Resources
Standard
Victory
Conquest
Starting age
Dark Age
Ending age
Imperial Age
RankedLock teamsTeams togetherTeam positionsShared explorationLock speedFull tech treeHidden civsTurbo modeCheats
Victory
Defeat
🇮🇳 Turks · India
1597
+13
🇨🇱 Berbers · Chile
1530
-13
AiM | CanvaL
6:03 Loom
6:11 Loom
9:13 Feudal Age
9:47 Double-Bit Axe
19:58 Castle Age
19:24 Bloodlines
19:09 Fletching
19:02 Horse Collar
20:08 Padded Archer Armor
20:01 Gold Mining
21:03 Bodkin Arrow
23:43 Town Watch
24:41 Husbandry
25:41 Leather Archer Armor
30:36 Thumb Ring
36:43 Ballistics
42:15 Imperial Age
40:55 Light Cavalry
41:42 Scale Barding Armor
42:16 Wheelbarrow
41:54 Kasbah
43:01 Forging
45:00 Chemistry
44:55 Bracer
NaBhai
6:14 Loom
8:52 Feudal Age
9:34 Double-Bit Axe
19:10 Castle Age
17:16 Horse Collar
19:07 Gold Mining
19:14 Fletching
19:24 Padded Archer Armor
19:39 Bloodlines
19:56 Bodkin Arrow
21:22 Bow Saw
22:33 Husbandry
23:10 Ballistics
24:11 Town Watch
26:51 Wheelbarrow
34:05 Thumb Ring
34:23 Leather Archer Armor
34:20 Stone Mining
40:07 Imperial Age
38:39 Scale Barding Armor
38:54 Hand Cart
40:40 Heavy Plow
41:02 Chain Barding Armor
40:53 Forging
40:53 Bracer
43:23 Plate Barding Armor
43:29 Scale Mail Armor
44:07 Iron Casting
Connection lost

Rejoining the realm…

Still unreachable

The connection could not be restored.

Session expired

The server has moved on; the page needs a fresh start.